 Dungeon Crawl Stone Soup version 0.18.1-48-g4cf74bf (webtiles) character file.

298 PossumBlood the Skirmisher (level 6, -1/47 HPs)
             Began as a High Elf Hunter on Aug 13, 2016.
             Slain by a scorpion (4 damage)
             ... on level 5 of the Dungeon.
             The game lasted 00:14:18 (4433 turns).

PossumBlood the Skirmisher (High Elf Hunter)        Turns: 4433, Time: 00:14:19

Health: -1/47      AC:  5    Str: 11    XL:     6   Next: 13%
Magic:  7/7        EV: 11    Int: 15    God:
Gold:   244        SH:  0    Dex: 14    Spells: 0 memorised, 5 levels left

rFire  + . .     SeeInvis .     b - +0 short sword
rCold  . . .     Gourm    .     c - +0 leather armour
rNeg   . . .     Faith    .     (no shield)
rPois  .         Spirit   .     l - +0 helmet
rElec  .         Dismiss  .     n - +0 cloak
rCorr  .         Reflect  .     (no gloves)
SustAt .         Harm     .     (no boots)
MR     .....                    k - amulet of inaccuracy (curse)
Stlth  +.........               (no ring)
                                o - -4 ring of dexterity (curse)

@: lethally poisoned (-1 -> -8), drained, not resistant to hostile enchantments,
very unstealthy
A: fire resistance 1
a: no special abilities


You were on level 5 of the Dungeon.
You were not hungry.

You visited 1 branch of the dungeon, and saw 5 of its levels.

You collected 244 gold pieces.

Inventory:

Hand Weapons
 a - a +2 shortbow
 b - a +0 short sword (weapon)
Armour
 c - a +0 leather armour (worn)
 l - a +0 helmet (worn)
 n - a +0 cloak (worn)
Jewellery
 f - an uncursed amulet of harm
 k - a cursed amulet of inaccuracy (around neck)
 o - a cursed -4 ring of dexterity (left hand)
Scrolls
 d - 2 scrolls of magic mapping
 g - a scroll of fear
Potions
 e - a potion of cure mutation
 p - a potion of flight
 t - 2 potions of curing
 u - a potion of resistance {unknown}
Miscellaneous
 m - a plain deck of defence
Comestibles
 h - 2 royal jellies
 j - 3 meat rations
 q - 2 beef jerkies
 s - 2 fruits


   Skills:
 * Level 6.5(5.3) Fighting
 - Level 5.3(4.1) Bows
 - Level 2.1(1.1) Dodging
 - Level 1.1(0.0) Stealth


You had 5 spell levels left.
You didn't know any spells.

Dungeon Overview and Level Annotations

Branches:
Dungeon (5/15)
 Temple: D:4-7

Altars:
Fedhas
Nemelex Xobeh
Ru


Innate Abilities, Weirdness & Mutations

Your flesh is heat resistant.


Message History

* * * LOW HITPOINT WARNING * * *
You feel sick. The scorpion completely misses you.
You miss the scorpion.
The scorpion is almost dead.
* * * LOW HITPOINT WARNING * * *
You feel sick. The scorpion barely misses you.
You closely miss the scorpion.
The scorpion is almost dead.
* * * LOW HITPOINT WARNING * * *
You feel sick. The scorpion misses you.
You barely miss the scorpion.
The scorpion is almost dead.
* * * LOW HITPOINT WARNING * * *
You feel sick.
The scorpion stings you but does no damage. x2
You miss the scorpion.
The scorpion is almost dead.
* * * LOW HITPOINT WARNING * * *
You feel sick. The scorpion stings you.
You die...

# ### # #. ..#
##.#.###### #.#
..........### #.#
............###.##
###..##(s@..##...#####
.<...%(..............#
###(.##.....#....###.#
.....##.....#.#.## ##.
..#####.)..# (.
###.###.#.### .
#.#.##.# #.###.#
#.....#


You could see a scorpion.

Vanquished Creatures
  A crimson imp (D:4)
  A jelly (D:4)
  An orc wizard (D:3)
  A worker ant (D:4)
  A hound skeleton (D:4)
  A gnoll (D:1)
  7 adders
  2 oozes
  An adder skeleton (D:4)
  3 worms
  2 dart slugs (D:4)
  2 giant geckos (D:2)
  5 orcs
  9 bats
  4 giant cockroaches
  9 goblins
  7 hobgoblins
  5 kobolds
  4 giant newts
  7 rats
73 creatures vanquished.

Notes
Turn   | Place    | Note
--------------------------------------------------------------
     0 | D:1      | PossumBlood the High Elf Hunter began the quest for the Orb.
     0 | D:1      | Reached XP level 1. HP: 14/14 MP: 2/2
   130 | D:1      | Reached skill level 3 in Fighting
   130 | D:1      | Reached XP level 2. HP: 21/21 MP: 3/3
   189 | D:1      | Found a sparkling altar of Nemelex Xobeh.
   341 | D:1      | Reached XP level 3. HP: 26/26 MP: 4/4
   677 | D:2      | Found a sacrificial altar of Ru.
   811 | D:2      | Gained mutation: You have a somewhat thin skeletal structure (Dex +2, Stealth). [potion of mutation]
   811 | D:2      | Gained mutation: Scrolls take you a little longer to read. [potion of mutation]
   811 | D:2      | Gained mutation: Your flesh is heat resistant. [potion of mutation]
   812 | D:2      | Lost mutation: You have a somewhat thin skeletal structure (Dex +2, Stealth). [potion of cure mutation]
   812 | D:2      | Lost mutation: Scrolls take you a little longer to read. [potion of cure mutation]
  1192 | D:2      | Reached skill level 4 in Fighting
  1382 | D:2      | Reached XP level 4. HP: 3/33 MP: 5/5
  2002 | D:3      | Found a blossoming altar of Fedhas.
  3167 | D:3      | Reached skill level 5 in Fighting
  3168 | D:3      | Reached XP level 5. HP: 37/39 MP: 6/6
  3742 | D:4      | Reached skill level 6 in Fighting
  4022 | D:4      | Reached XP level 6. HP: 34/47 MP: 7/7
  4342 | D:5      | Entered Level 5 of the Dungeon
  4433 | D:5      | Slain by a scorpion

Skill      XL: |  1  2  3  4  5 |
---------------+----------------+-----
Fighting       | 3 4 5 6 |  6.5
Bows           | |  5.3
Dodging        | |  2.1
Stealth        | |  1.1

Action                   |  1- 3 |  4- 6 || total
-------------------------+-------+-------++-------
Melee: Short sword       |    15 |    73 ||    88
 Fire: Shortbow          |    77 |    91 ||   168
Throw: Javelin           |    20 |    29 ||    49
       Tomahawk          |       |     4 ||     4
  Use: Scroll            |     8 |     3 ||    11
       Potion            |     5 |       ||     5
  Eat: Bread ration      |     1 |     2 ||     3
Armor: Leather armour    |    15 |    31 ||    46
Dodge: Dodged            |    29 |    78 ||   107
